 Dungeon Crawl Stone Soup version 0.25-a0-316-gd28d56f9c5 (webtiles) character file.

Game seed: 12661194385264989372, levelgen mode: classic

85 Borgoz the Slasher (level 4, -3/28 HPs)
             Began as a Gargoyle Berserker on Dec 24, 2019.
             Was a Believer of Trog.
             Slain by a gnoll
             ... wielding a +0 halberd
              (12 damage)
             ... on level 2 of the Dungeon.
             The game lasted 00:01:50 (1748 turns).

Borgoz the Slasher (Gargoyle Berserker)             Turns: 1748, Time: 00:01:50

Health: -3/28      AC:  6    Str: 20    XL:     4   Next: 48%
Magic:  4/4        EV: 12    Int:  8    God:    Trog [**....]
Gold:   70         SH:  0    Dex: 10    Spells: 3/3 levels left

rFire    . . .     SeeInvis +   a - +0 falchion
rCold    . . .     Gourm    .   (no shield)
rNeg     + . .     Faith    .   b - +0 animal skin
rPois    ∞         Spirit   .   (no helmet)
rElec    +         Reflect  .   (no cloak)
rCorr    .         Harm     .   (no gloves)
MR       ++...                  j - +0 pair of boots
Stlth    +.........             (no amulet)
HPRegen  1.09/turn              h - ring of see invisible
MPRegen  0.09/turn              (no ring)

@: regenerating
A: negative energy resistance 1, electricity resistance, unbreathing,
petrification resistance, rot immunity, AC +3
a: Berserk, Trog's Hand, Renounce Religion


You were on level 2 of the Dungeon.
You worshipped Trog.
Trog was pleased with you.
You were not hungry.

You visited 1 branch of the dungeon, and saw 2 of its levels.

You collected 70 gold pieces.

Inventory:

Hand Weapons
 a - a +0 falchion (weapon)
Armour
 b - a +0 animal skin (worn)
 j - a +0 pair of boots (worn)
Jewellery
 f - an uncursed ring of ice
 h - a ring of see invisible (left hand)
Potions
 e - a potion of curing
 g - a potion of cancellation {unknown}
 i - a potion of heal wounds {unknown}
 k - a potion of mutation {unknown}
Comestibles
 c - 3 rations
 d - 4 chunks of flesh


   Skills:
 - Level 3.2 Fighting
 * Level 3.6 Long Blades
 + Level 2.9 Armour
 * Level 2.6 Dodging


You had 3 spell levels left.
You didn't know any spells.
Your spell library was empty.

Dungeon Overview and Level Annotations

Branches:
Dungeon (2/15)

Altars:
Ashenzari
Yredelemnul


Innate Abilities, Weirdness & Mutations

You are resistant to torment.
Your stone body is resilient. (AC +3)
You are immune to poison.
You resist negative energy. (rN+)
You are resistant to electric shocks. (rElec)
You can survive without breathing.
You are immune to petrification.
You are immune to rotting.


Message History

Found 16 stones.
Found a shattered altar of Ashenzari.
A gnoll comes into view. It is wielding a +0 halberd.
A gnoll is nearby!
A gnoll comes into view. It is wielding a +0 whip.
The gnoll shouts!
You hear a shout!
The gnoll shouts!
You barely miss the gnoll. The gnoll hits you with a +0 halberd!
You hit the gnoll.
The gnoll is moderately wounded.
The gnoll barely misses you.
You hit the gnoll.
The gnoll is moderately wounded.
The gnoll hits you with a +0 halberd!
* * * LOW HITPOINT WARNING * * *
You are too injured to fight recklessly!
Your skin crawls.
You feel resistant to hostile enchantments.
You feel somewhat more hungry.
A gnoll comes into view.
The gnoll hits you with a +0 halberd!
You die...

.# . . ## ##g ...
..# ### #g# #g#
#@# #.# #.# ####
#.# #.# ###(.. #.#
#.# ..... #.# #.#
.... #.# #.# .##
#.# #.#####.. #_
#.# #........ #'
#.####.##########.


You could see 3 gnolls.

Vanquished Creatures
  3 adders (D:2)
  A gnoll (D:2)
  3 dart slugs (D:1)
  2 leopard geckos (D:1)
  7 bats (D:1)
  3 giant cockroaches
  5 goblins (D:1)
  4 hobgoblins (D:1)
  3 kobolds
  5 frilled lizards
  5 rats
41 creatures vanquished.

Notes
Turn   | Place    | Note
-------+----------+-------------------------------------------
     0 | D:1      | Borgoz the Gargoyle Berserker began the quest for the Orb.
     0 | D:1      | Reached XP level 1. HP: 14/14 MP: 1/1
    32 | D:1      | Reached XP level 2. HP: 9/19 MP: 2/2
   426 | D:1      | Reached XP level 3. HP: 16/23 MP: 3/3
   610 | D:1      | Reached ** piety under Trog
  1257 | D:2      | HP: 1/23 [adder (4)]
  1258 | D:2      | Reached XP level 4. HP: 1/28 MP: 4/4
  1651 | D:2      | Found a basalt altar of Yredelemnul.
  1720 | D:2      | Found a shattered altar of Ashenzari.
  1748 | D:2      | Slain by a gnoll

Levels and vault maps discovered:
D:1:      dpeg_arrival_tiny_a, layout_basic
D:2:      layout_basic, tgw_trog, ashenzari_conservatory_becter,
          lemuel_doored_altar, first_ration, minmay_box_of_dots

Skill      XL: |  1  2 |
---------------+-------+-----
Long Blades    | 3 |  3.6
Dodging        | 2 |  2.6
Fighting       | |  3.2
Armour         | |  2.9

Action                   |  1- 3 |  4- 6 || total
-------------------------+-------+-------++-------
Melee: Falchion          |   109 |    15 ||   124
Invok: Berserk           |     1 |       ||     1
       Trog's Hand       |       |     1 ||     1
  Use: Scroll            |     1 |       ||     1
 Stab: Sleeping          |     1 |       ||     1
  Eat: Chunk             |     2 |     2 ||     4
Armor: Animal skin       |    47 |     6 ||    53
Dodge: Dodged            |    81 |    10 ||    91
       Rpst.: Falchion   |    29 |     1 ||    30

Table legend:
 A = Non-vault XP
 B = Vault XP
 C = Vault XP percentage of total XP
 D = Non-vault monster count
 E = Vault monster count
 F = Vault count percentage of total count
                 A         B        C        D         E       F
            +---------+---------+-------+---------+---------+-------
      Total |     122 |       0 |   0.0 |      41 |       0 |   0.0
            +---------+---------+-------+---------+---------+-------
        D:1 |      58 |       0 |   0.0 |      30 |       0 |   0.0
        D:2 |      64 |       0 |   0.0 |      11 |       0 |   0.0
            +---------+---------+-------+---------+---------+-------
